A+ CENTRAL
WEST MICHIGAN WHITECAPS @ LAKE COUNTY CAPTAINS
09/01/2041
 
TOP OF THE 1ST
West Michigan Whitecaps batting - Pitching for Lake County Captains : RHP Curt Blackwell
Pitching: RHP Curt Blackwell
Batting: LHB António Espinosa 0-0: Ball
1-0: Ground out 6-3 (Groundball, 56, EV 86.9 MPH)
Batting: LHB José Hernández 0-0: Ball
1-0: Ball
2-0: Called Strike
2-1: TRIPLE (Groundball, 3L, EV 95.0 MPH)
Batting: RHB Jeremy Myrick 0-0: Ball
1-0: Ball
2-0: Ball
3-0: Called Strike
3-1: Ground out 6-3 (Groundball, 6, EV 107.5 MPH)
José Hernández scores
Batting: LHB Manny Blanco 0-0: Called Strike
0-1: Ball
1-1: Foul Ball, location: 2F
1-2: Foul Ball, location: 23F
1-2: Ball
2-2: SINGLE (Line Drive, 4MD, EV 95.6 MPH)
Batting: RHB Ghassan Umair 0-0: Foul Ball, location: 3SF
0-1: Foul Ball, location: 5F
0-2: Strikes out swinging
Top of the 1st over - 1 run, 2 hits, 0 errors, 1 left on base; West Michigan 1 - Lake County 0
BOTTOM OF THE 1ST
Lake County Captains batting - Pitching for West Michigan Whitecaps : RHP Dani Santos
Pitching: RHP Dani Santos
Batting: RHB Yifu Fang 0-0: Called Strike
0-1: Ball
1-1: Ball
2-1: Bunt for hit to 3S - play at first, batter OUT! 3-4
Batting: RHB Randy Burke 0-0: Swinging Strike
0-1: Ball
1-1: Ball
2-1: Called Strike
2-2: Ball
3-2: Strikes out swinging
Batting: LHB Tim Elliott 0-0: Ball
1-0: Foul Ball, location: 7LDF
1-1: Swinging Strike
1-2: Foul Ball, location: 3SF
1-2: Strikes out swinging
Bottom of the 1st over - 0 runs, 0 hits, 0 errors, 0 left on base; West Michigan 1 - Lake County 0
TOP OF THE 2ND
West Michigan Whitecaps batting - Pitching for Lake County Captains : RHP Curt Blackwell
Batting: LHB Jorge Árias 0-0: Ball
1-0: Fly out, F9 (Flyball, 9D, EV 100.0 MPH)
Batting: RHB Manny Villalobos 0-0: Ground out 5-3 (Groundball, 56S, EV 74.4 MPH)
Batting: RHB José Peña 0-0: Swinging Strike
0-1: Foul Ball, location: 2F
0-2: Strikes out swinging
Top of the 2nd over - 0 runs, 0 hits, 0 errors, 0 left on base; West Michigan 1 - Lake County 0
BOTTOM OF THE 2ND
Lake County Captains batting - Pitching for West Michigan Whitecaps : RHP Dani Santos
Batting: LHB Ignacio Hernández 0-0: Called Strike
0-1: Called Strike
0-2: Ball
1-2: Ball
2-2: Strikes out swinging
Batting: RHB António Trujillo 0-0: Ball
1-0: Called Strike
1-1: Foul Ball, location: 2F
1-2: Ball
2-2: Foul Ball, location: 5FF
2-2: Strikes out swinging
Batting: RHB Doug Black 0-0: Foul Ball, location: 2F
0-1: Ball
1-1: Ball
2-1: Foul Ball, location: 23FF
2-2: DOUBLE (Line Drive, 9LS, EV 98.1 MPH)
Batting: RHB Dan White 0-0: Ball
1-0: Foul Ball, location: 9LMF
1-1: Called Strike
1-2: Ball
2-2: Ball
3-2: SINGLE (Line Drive, 34, EV 96.9 MPH)
Doug Black to third
Runner from 3rd tries for Home, SAFE, throw by RF to home
Batting: RHB Eric Sanford 0-0: Ball
1-0: SINGLE (Line Drive, 3D, EV 98.1 MPH)
Dan White to second
Runner from 2nd tries for 3rd, OUT! 9-5
Bottom of the 2nd over - 1 run, 3 hits, 0 errors, 1 left on base; West Michigan 1 - Lake County 1
TOP OF THE 3RD
West Michigan Whitecaps batting - Pitching for Lake County Captains : RHP Curt Blackwell
Batting: RHB Oliver Vera 0-0: Called Strike
0-1: Ball
1-1: Foul Ball, location: 5SF
1-2: Ball
2-2: SINGLE (Groundball, 34D, EV 98.8 MPH)
Batting: LHB António Espinosa 0-0: Sac Bunt to 15S - play at first, batter OUT! 1-3
Oliver Vera to second
Batting: LHB José Hernández 0-0: Ball
1-0: SINGLE (Groundball, 56S, EV 61.3 MPH) (infield hit)
Oliver Vera to third
Batting: RHB Jeremy Myrick 0-0: Called Strike
0-1: SINGLE (Flyball, 9, EV 89.4 MPH)
Oliver Vera scores
José Hernández to second
Batting: LHB Manny Blanco 0-0: DOUBLE (Flyball, 8RXD, EV 100.0 MPH)
José Hernández scores
Jeremy Myrick to third
Batting: RHB Ghassan Umair 0-0: Called Strike
0-1: Fly out, F9 (Flyball, 9, EV 98.8 MPH)
Runner from 3rd tags up, SCORES, throw by RF
Batting: LHB Jorge Árias 0-0: Ball
1-0: Ball
Passed Ball!
Manny Blanco to third
2-0: Called Strike
2-1: Ball
3-1: Foul Ball, location: 9LMF
3-2: Base on Balls
Batting: RHB Manny Villalobos 0-0: Ball
1-0: Ball
2-0: Ball
3-0: Called Strike
3-1: Base on Balls
Jorge Árias to second
Batting: RHB José Peña 0-0: Ball
1-0: Ball
2-0: Ball
3-0: Called Strike
3-1: Fielders Choice at 2nd, U6 (Groundball, 6M, EV 86.3 MPH)
Top of the 3rd over - 3 runs, 4 hits, 0 errors, 3 left on base; West Michigan 4 - Lake County 1
BOTTOM OF THE 3RD
Lake County Captains batting - Pitching for West Michigan Whitecaps : RHP Dani Santos
Batting: RHB José González 0-0: Called Strike
0-1: Ball
1-1: Foul Ball, location: 2F
1-2: Strikes out swinging
Batting: RHB Yifu Fang 0-0: Ball
1-0: Called Strike
1-1: Ball
2-1: Ball
3-1: Base on Balls
Batting: RHB Randy Burke 0-0: Called Strike
Yifu Fang steals 2nd base
0-1: Foul Ball, location: 5SF
0-2: Ball
1-2: Ball
2-2: Ball
3-2: Base on Balls
Batting: LHB Tim Elliott 0-0: Ball
1-0: Ball
2-0: Called Strike
2-1: Ball
3-1: DOUBLE (Flyball, 89D, EV 100.0 MPH)
Yifu Fang scores
Randy Burke to third
Batting: LHB Ignacio Hernández 0-0: Foul Ball, location: 2F
0-1: Called Strike
0-2: Ball
1-2: Ground out 1-3 (Groundball, 25, EV 63.8 MPH)
Batting: RHB António Trujillo 0-0: Called Strike
0-1: Foul Ball, location: 7LMF
0-2: Foul Ball, location: 9LMF
0-2: Strikes out swinging
Bottom of the 3rd over - 1 run, 1 hit, 0 errors, 2 left on base; West Michigan 4 - Lake County 2
TOP OF THE 4TH
West Michigan Whitecaps batting - Pitching for Lake County Captains : RHP Curt Blackwell
Batting: RHB Oliver Vera 0-0: Ball
1-0: Foul Ball, location: 2F
1-1: Called Strike
1-2: Foul Ball, location: 2F
1-2: Ball
2-2: Foul Ball, location: 5DF
2-2: Ball
3-2: Strikes out looking
Batting: LHB António Espinosa 0-0: Ball
1-0: Ball
2-0: Ball
3-0: Called Strike
3-1: Foul Ball, location: 23F
3-2: Strikes out looking
Batting: LHB José Hernández 0-0: Ball
1-0: Ball
2-0: Ball
3-0: Base on Balls
Batting: RHB Jeremy Myrick 0-0: Swinging Strike
0-1: Foul Ball, location: 9LSF
0-2: Ball
1-2: DOUBLE (Flyball, 8RXD, EV 103.1 MPH)
José Hernández to third
José Hernández scores
Pitching: RHP José Ayala
Batting: LHB Manny Blanco 0-0: Swinging Strike
0-1: Ball
1-1: Called Strike
1-2: Ball
2-2: Ball
3-2: Foul Ball, location: 2F
3-2: Foul Ball, location: 2F
3-2: Fly out, F7 (Flyball, 7, EV 90.0 MPH)
Top of the 4th over - 1 run, 1 hit, 0 errors, 1 left on base; West Michigan 5 - Lake County 2
BOTTOM OF THE 4TH
Lake County Captains batting - Pitching for West Michigan Whitecaps : RHP Dani Santos
Batting: RHB Doug Black 0-0: Ball
1-0: Called Strike
1-1: SINGLE (Line Drive, 9S, EV 90.6 MPH)
Batting: RHB Dan White 0-0: Swinging Strike
0-1: Foul Ball, location: 2F
0-2: Ball
1-2: Grounds into double play, 5-4-3 (Groundball, 5L, EV 98.8 MPH)
Batting: RHB Eric Sanford 0-0: Ball
1-0: Ball
2-0: Called Strike
2-1: Foul Ball, location: 2F
2-2: Ball
3-2: Foul Ball, location: 9LDF
3-2: Foul Ball, location: 2F
3-2: Ground out 5-3 (Groundball, 5, EV 90.6 MPH)
Bottom of the 4th over - 0 runs, 1 hit, 0 errors, 0 left on base; West Michigan 5 - Lake County 2
TOP OF THE 5TH
West Michigan Whitecaps batting - Pitching for Lake County Captains : RHP José Ayala
Batting: RHB Ghassan Umair 0-0: Ball
1-0: Foul Ball, location: 9LMF
1-1: SINGLE (Groundball, 4MD, EV 105.0 MPH)
Batting: LHB Jorge Árias 0-0: Ball
1-0: Ball
2-0: Called Strike
2-1: Called Strike
Ghassan Umair steals 2nd base
2-2: Foul Ball, location: 5DF
2-2: Strikes out swinging
Batting: RHB Manny Villalobos 0-0: Called Strike
0-1: Foul Ball, location: 2F
0-2: Ball
1-2: SINGLE (Groundball, 34D, EV 103.8 MPH)
Ghassan Umair to third
Runner from 3rd tries for Home, throw by RF and OUT! 9-2
Batting: RHB José Peña 0-0: Ball
1-0: Called Strike
1-1: Ball
2-1: SINGLE (Line Drive, 8RS, EV 110.6 MPH)
Manny Villalobos to second
Runner from 2nd tries for 3rd, SAFE, throw by CF made to third
Batting: RHB Oliver Vera 0-0: Ball
1-0: Ball
2-0: Ball
3-0: Called Strike
3-1: Foul Ball, location: 2F
3-2: Strikes out swinging
Top of the 5th over - 0 runs, 3 hits, 0 errors, 2 left on base; West Michigan 5 - Lake County 2
BOTTOM OF THE 5TH
Lake County Captains batting - Pitching for West Michigan Whitecaps : RHP Dani Santos
Batting: RHB José González 0-0: Ball
1-0: SOLO HOME RUN (Flyball, 78XD, EV 111.9 MPH), Distance : 444 ft
Batting: RHB Yifu Fang 0-0: Ball
1-0: Swinging Strike
1-1: Foul Ball, location: 5SF
1-2: Strikes out swinging
Batting: RHB Randy Burke 0-0: Called Strike
0-1: Swinging Strike
0-2: Hit by Pitch
Batting: LHB Tim Elliott 0-0: Ball
1-0: Foul Ball, location: 2LF
1-1: Ball
2-1: Swinging Strike
2-2: Foul Ball, location: 5F
2-2: Strikes out swinging
Batting: LHB Ignacio Hernández 0-0: Called Strike
0-1: Foul Ball, location: 2F
0-2: Foul Ball, location: 2F
0-2: Ball
Randy Burke is caught stealing 2nd base 2-6
Bottom of the 5th over - 1 run, 1 hit, 0 errors, 0 left on base; West Michigan 5 - Lake County 3
TOP OF THE 6TH
West Michigan Whitecaps batting - Pitching for Lake County Captains : RHP José Ayala
Batting: LHB António Espinosa 0-0: Called Strike
0-1: Called Strike
0-2: Foul Ball, location: 2LF
0-2: Ball
1-2: Strikes out swinging
Batting: LHB José Hernández 0-0: Fly out, F8 (Flyball, 78D, EV 105.6 MPH)
Batting: RHB Jeremy Myrick 0-0: Ball
1-0: Ball
2-0: Ball
3-0: Called Strike
3-1: Ground out 4-3 (Groundball, 34, EV 80.0 MPH)
Top of the 6th over - 0 runs, 0 hits, 0 errors, 0 left on base; West Michigan 5 - Lake County 3
BOTTOM OF THE 6TH
Lake County Captains batting - Pitching for West Michigan Whitecaps : RHP Dani Santos
Batting: LHB Ignacio Hernández 0-0: Swinging Strike
0-1: Ball
1-1: Called Strike
1-2: Strikes out swinging
Batting: RHB António Trujillo 0-0: DOUBLE (Line Drive, 7LS, EV 96.3 MPH)
Batting: RHB Doug Black 0-0: Ball
1-0: Ball
2-0: Called Strike
2-1: Ground out 6-3 (Groundball, 6D, EV 103.1 MPH)
Batting: RHB Dan White 0-0: Hit by Pitch
Batting: RHB Eric Sanford 0-0: Ball
1-0: Fly out, F9 (Flyball, 89M, EV 87.5 MPH)
Bottom of the 6th over - 0 runs, 1 hit, 0 errors, 2 left on base; West Michigan 5 - Lake County 3
TOP OF THE 7TH
West Michigan Whitecaps batting - Pitching for Lake County Captains : RHP José Ayala
Batting: LHB Manny Blanco 0-0: Ball
1-0: Ball
2-0: Ball
3-0: Base on Balls
Batting: RHB Ghassan Umair 0-0: Fly out, F8 (Flyball, 8RD, EV 91.3 MPH)
Batting: LHB Jorge Árias 0-0: Ball
1-0: Ball
2-0: Ball
3-0: Called Strike
3-1: Base on Balls
Manny Blanco to second
Batting: RHB Manny Villalobos 0-0: Ball
1-0: Foul Ball, location: 5FF
1-1: Called Strike
1-2: Strikes out swinging
Pitching: RHP Sam Ackerman
Batting: RHB José Peña 0-0: Foul Ball, location: 5F
0-1: Fly out, F8 (Flyball, 8LD, EV 87.5 MPH)
Top of the 7th over - 0 runs, 0 hits, 0 errors, 2 left on base; West Michigan 5 - Lake County 3
BOTTOM OF THE 7TH
Lake County Captains batting - Pitching for West Michigan Whitecaps : RHP Dani Santos
Batting: RHB José González 0-0: Foul Ball, location: 2F
0-1: Ball
1-1: Foul Ball, location: 2F
1-2: Ball
2-2: Strikes out swinging
Batting: RHB Yifu Fang 0-0: Called Strike
0-1: Swinging Strike
0-2: Ball
1-2: Foul Ball, location: 2F
1-2: Foul Ball, location: 9LSF
1-2: Fly out, F7 (Flyball, 7, EV 93.8 MPH)
Batting: RHB Randy Burke 0-0: Ball
1-0: Ball
2-0: Ground out 4-3 (Groundball, 4, EV 78.8 MPH)
Bottom of the 7th over - 0 runs, 0 hits, 0 errors, 0 left on base; West Michigan 5 - Lake County 3
TOP OF THE 8TH
West Michigan Whitecaps batting - Pitching for Lake County Captains : RHP Sam Ackerman
Batting: RHB Oliver Vera 0-0: Fly out, F3 (Popup, 34S, EV 71.3 MPH)
Batting: LHB António Espinosa 0-0: Called Strike
0-1: Ball
1-1: Ball
2-1: Ball
3-1: Base on Balls
Batting: LHB José Hernández 0-0: Called Strike
António Espinosa steals 2nd base
0-1: DOUBLE (Line Drive, 78D, EV 110.6 MPH)
António Espinosa scores
Batting: RHB Jeremy Myrick 0-0: Called Strike
0-1: Ball
1-1: Ball
2-1: Called Strike
2-2: Fly out, F8 (Flyball, 8LD, EV 110.6 MPH)
Batting: LHB Manny Blanco 0-0: Ball
José Hernández steals 3rd base
1-0: Ball
2-0: Ball
3-0: Called Strike
3-1: Called Strike
3-2: Base on Balls
Batting: RHB Ghassan Umair 0-0: Ground out 4-3 (Groundball, 4, EV 85.6 MPH)
Top of the 8th over - 1 run, 1 hit, 0 errors, 2 left on base; West Michigan 6 - Lake County 3
BOTTOM OF THE 8TH
Lake County Captains batting - Pitching for West Michigan Whitecaps : RHP Dani Santos
Pitching: RHP Derek Hoffman
Batting: LHB Tim Elliott 0-0: Ball
1-0: Ball
2-0: Foul Ball, location: 2F
2-1: Foul Ball, location: 7LDF
2-2: Foul Ball, location: 2F
2-2: Fly out, F3 (Popup, 3F, EV 60.6 MPH)
Batting: LHB Ignacio Hernández 0-0: SINGLE (Line Drive, 7S, EV 106.9 MPH)
Batting: RHB António Trujillo 0-0: Ball
1-0: Swinging Strike
1-1: Swinging Strike
1-2: Strikes out looking
Batting: RHB Doug Black 0-0: Foul Ball, location: 3F
0-1: Ball
1-1: Foul Ball, location: 3DF
1-2: Strikes out swinging
Bottom of the 8th over - 0 runs, 1 hit, 0 errors, 1 left on base; West Michigan 6 - Lake County 3
TOP OF THE 9TH
West Michigan Whitecaps batting - Pitching for Lake County Captains : RHP Sam Ackerman
Batting: LHB Jorge Árias 0-0: Called Strike
0-1: Foul Ball, location: 7LMF
0-2: Fly out, F7 (Flyball, 78M, EV 85.0 MPH)
Batting: RHB Manny Villalobos 0-0: Ball
1-0: Ball
2-0: Called Strike
2-1: Ball
3-1: Base on Balls
Batting: RHB José Peña 0-0: Ball
Manny Villalobos steals 2nd base
1-0: Intentional Walk
Batting: RHB Oliver Vera 0-0: Ball
1-0: Fly out, F9 (Flyball, 9, EV 86.9 MPH)
Batting: LHB António Espinosa 0-0: Called Strike
0-1: Ball
1-1: Foul Ball, location: 5F
1-2: Ball
2-2: SINGLE (Flyball, 5D, EV 95.0 MPH)
Manny Villalobos to third
José Peña to second
Batting: LHB José Hernández 0-0: Foul Ball, location: 7LDF
0-1: Fly out, F3 (Line Drive, 34, EV 65.6 MPH)
Top of the 9th over - 0 runs, 1 hit, 0 errors, 3 left on base; West Michigan 6 - Lake County 3
BOTTOM OF THE 9TH
Lake County Captains batting - Pitching for West Michigan Whitecaps : RHP Derek Hoffman
Pitching: RHP Randy Baker
Batting: RHB Dan White 0-0: Fly out, F9 (Flyball, 9LM, EV 95.0 MPH)
Pinch Hitting: LHB Nate Wise 0-0: Ball
1-0: Ball
2-0: Called Strike
2-1: Ball
3-1: Swinging Strike
3-2: Foul Ball, location: 7LDF
3-2: Strikes out swinging
Batting: RHB José González 0-0: Fly out, F3 (Popup, 3S, EV 78.1 MPH)
Bottom of the 9th over - 0 runs, 0 hits, 0 errors, 0 left on base; West Michigan 6 - Lake County 3
Monday, April 1st , 2024 - OOTP Baseball 24.10 Build 82